Map: Dusk Towers

Players

SureshotJT

  • Race: Zerg Zerg
  • League: Diamond

LilDicky - Winner!

  • Race: Terran Terran
  • League: Diamond

VOD

http://www.twitch.tv/tumescentpie

Description

Time

  • Played on: Dec. 25, 2015, 8:46 p.m.
  • Length: 35:05
Show
View Real Time Build Order
Export as new Build Order

SureshotJT Zerg 

Build Orders: Hatch First, Lurkers 

Get SALT Encoding   

  12  0:01  Drone  
  13  0:13  Overlord  
  13  0:17  Drone  
  14  0:31  Drone x2  
  16  0:37  Drone  
  17  0:53  Hatchery  
  17  0:56  Drone  
  17  1:01  Drone  
  18  1:04  Extractor  
  18  1:07  Drone  
  18  1:19  Spawning Pool  
  18  1:22  Drone  
  18  1:29  Drone  
  19  1:39  Overlord  
  19  1:50  Drone  
  20  2:05  Queen  
  20  2:06  Queen  
  20  2:07  Zergling x4  
  26  2:09  Metabolic Boost  
  26  2:19  Drone, Zergling x2  
  28  2:31  Drone x2  
  30  2:49  Queen  
  30  2:50  Overlord  
  32  2:52  Overlord  
  32  2:57  Drone  
  33  3:05  Drone  
  34  3:20  Hatchery  
  34  3:25  Evolution Chamber  
  32  3:28  Roach Warren  
  31  3:38  Drone x3  
  34  3:47  Queen  
  36  3:52  Drone  
  36  3:53  Drone x3  
  40  4:07  Spore Crawler  
  40  4:09  Spore Crawler  
  38  4:10  Spore Crawler, Drone  
  38  4:11  Spore Crawler  
  38  4:12  Drone x6  
  43  4:18  Extractor  
  42  4:32  Lair  
  42  4:33  Roach  
  42  4:34  Roach x2  
  42  4:35  Zergling x2  
  42  4:36  Drone  
  50  4:41  Drone  
  50  4:42  Drone x2  
  52  4:52  Drone, Extractor x2  
  53  4:53  Drone  
  53  4:54  Drone x2  
  53  4:55  Roach  
  53  4:57  Drone  
  57  5:10  Overlord x3  
  57  5:31  Roach x4, Zergling x8  
  57  5:32  Roach, Zergling x2  
  71  5:38  Roach  
  69  5:51  Roach  
  69  5:52  Roach x3, Zergling x4  
  77  6:02  Queen  
  73  6:10  Queen  
  73  6:14  Drone x4  
  75  6:21  Glial Reconstitution  
  75  6:23  Zerg Missile Weapons Level 1  
  75  6:24  Roach  
  75  6:25  Ravager x3  
  80  6:26  Ravager  
  80  6:30  Spore Crawler  
  78  6:44  Queen  
  78  6:46  Roach  
  78  6:47  Zergling x2  
  79  7:10  Overlord x2  
  79  7:11  Roach  
  81  7:26  Zergling x2  
  81  7:28  Overlord x3  
  82  7:36  Drone  
  83  7:37  Drone x10  
  93  7:50  Pneumatized Carapace  
  93  7:52  Overseer  
  93  7:53  Overseer  
  93  7:57  Drone x3  
  93  7:58  Drone x2  
  98  7:59  Hydralisk Den  
  98  8:01  Evolution Chamber, Drone  
  97  8:07  Drone x2  
  97  8:10  Extractor  
  97  8:11  Extractor  
  97  8:21  Hatchery  
  97  8:26  Zerg Missile Weapons Level 2  
  97  8:27  Zerg Ground Armor Level 1  
  96  8:29  Hydralisk x2, Muscular Augments  
  96  8:30  Roach x3  
  96  8:32  Roach  
  108  8:36  Drone x3  
  111  8:42  Drone x3  
  114  8:59  Hydralisk x4  
  114  9:01  Overlord x3  
  122  9:10  Overlord  
  122  9:11  Overlord  
  122  9:13  Overlord  
  122  9:14  Overlord  
  122  9:19  Drone x5  
  122  9:20  Drone  
  122  9:21  Drone  
  129  9:42  Lurker Den  
  129  9:43  Hydralisk x6  
  129  9:44  Infestation Pit  
  140  9:47  Roach, Zergling x2  
  140  9:48  Ravager, Zergling x2  
  140  9:49  Ravager x2  
  140  9:50  Ravager  
  148  10:10  Overlord x3  
  148  10:12  Hydralisk x2  
  148  10:13  Roach x3  
  160  10:14  Roach x2  
  160  10:15  Drone x2  
  160  10:16  Drone x4  
  160  10:18  Extractor  
  160  10:19  Extractor  
  166  10:33  Zerg Ground Armor Level 2  
  166  10:35  Hive  
  166  10:41  Hydralisk x2  
  166  10:42  Roach  
  172  10:57  Zerg Melee Weapons Level 1  
  172  11:00  Hatchery  
  171  11:05  Roach  
  171  11:07  Pathogen Glands  
  171  11:10  Lurker x5  
  171  11:11  Lurker x3  
  181  11:17  Hydralisk x2  
  181  11:18  Overlord x3, Roach x3  
  191  11:19  Overlord  
  191  11:23  Drone  
  192  11:27  Overlord  
  192  11:45  Spore Crawler x2  
  185  12:12  Spore Crawler  
  185  12:14  Spore Crawler  
  178  12:24  Zergling x2  
  178  12:25  Zergling x42  
  178  12:26  Zergling x2  
  179  12:35  Ultralisk Cavern  
  173  12:39  Spore Crawler  
  173  12:42  Hydralisk Den  
  125  12:53  Adrenal Glands  
  125  12:56  Queen  
  127  12:58  Zerg Ground Armor Level 3, Zerg Melee Weapons Level 2  
  127  13:10  Drone x8  
  127  13:11  Drone  
  136  13:13  Viper x6  
  136  13:14  Viper  
  157  13:21  Zergling x10  
  157  13:22  Zergling x6  
  165  13:34  Drone x3  
  165  13:35  Drone  
  165  13:36  Drone x2  
  165  13:37  Drone x2  
  173  13:46  Overseer  
  173  13:49  Spire  
  173  13:51  Overlord  
  172  14:40  Queen  
  174  14:53  Roach x2, Zergling x4  
  174  14:54  Roach x4, Zergling x10  
  174  14:55  Roach x2, Zergling x2  
  200  15:06  Extractor  
  193  15:07  Extractor  
  187  15:16  Hatchery  
  186  15:33  Mutalisk x6  
  198  15:37  Greater Spire  
  198  15:40  Hatchery  
  197  15:43  Hydralisk Den  
  197  15:47  Zerg Melee Weapons Level 3, Zerg Missile Weapons Level 3  
  197  15:48  Chitinous Plating  
  196  16:01  Ravager x3  
  159  16:39  Zergling x2  
  139  16:40  Zergling x44  
  139  16:41  Zergling x4  
  145  16:47  Zergling x8  
  145  16:48  Zergling x2  
  145  16:52  Zergling x10  
  145  16:53  Zergling x4  
  149  17:02  Drone  
  149  17:03  Drone x4  
  149  17:04  Drone x3  
  152  17:15  Corruptor x2  
  152  17:16  Corruptor x3  
  162  17:29  Drone  
  163  17:30  Drone x6  
  163  17:31  Drone x2  
  163  17:32  Drone x2  
  167  17:41  Ultralisk x5  
  197  18:31  Zerg Flyer Weapons Level 1  
  197  18:34  Spire  
  197  18:37  Corruptor  
  197  18:39  Zergling x2  
  118  19:03  Corruptor x2  
  118  19:04  Corruptor x5  
  118  19:05  Corruptor x5, Zergling x10  
  118  19:06  Zergling x12  
  118  19:07  Zergling x10  
  113  19:23  Zergling x2  
  105  19:24  Zergling x18  
  108  19:50  Zergling x12  
  108  19:51  Corruptor x2, Zergling x4  
  108  19:52  Corruptor  
  95  20:10  Zergling x18  
  95  20:11  Zergling x2  
  95  20:12  Zergling x2  
  97  20:23  Corruptor x2  
  93  20:33  Zergling x2  
  93  20:34  Zergling x10  
  99  20:39  Zergling x2  
  99  20:40  Zergling x6  
  100  20:48  Zergling x6  
  101  20:51  Zergling x2  
  83  21:25  Zergling x4  
  82  21:26  Zergling x18  
  82  21:27  Zergling x2  
  77  21:55  Zergling x4  
  77  21:56  Zergling x16  
  83  22:05  Zergling x4  
  83  22:06  Zergling x4  
  83  22:07  Zergling x2  
  72  22:31  Corruptor x2  
  72  22:32  Corruptor  
  74  22:39  Neural Parasite  
  56  23:08  Infestor x4  
  56  23:09  Infestor  
  62  23:28  Hatchery  
  48  24:17  Zergling x2  
  48  24:18  Zergling x8  
Show
View Real Time Build Order
Export as new Build Order

LilDicky Terran - Winner!

Build Orders: Hellion Banshee, Mech 

Get SALT Encoding   

  12  0:01  SCV  
  13  0:13  SCV  
  14  0:18  Supply Depot  
  14  0:31  SCV  
  15  0:36  Refinery  
  15  0:47  Barracks  
  15  0:48  SCV  
  16  1:03  SCV  
  17  1:16  SCV  
  19  1:33  Marine  
  19  1:36  Supply Depot  
  19  1:37  Orbital Command  
  19  1:50  Command Center  
  19  1:52  Marine  
  20  2:03  Factory  
  20  2:17  SCV  
  20  2:21  Barracks Reactor  
  21  2:23  Refinery  
  21  2:29  SCV  
  22  2:37  Refinery  
  22  2:41  SCV  
  23  2:49  Starport  
  23  3:03  Hellion  
  23  3:04  SCV, Hellion, Barracks Tech Lab  
  28  3:09  Orbital Command  
  28  3:17  SCV  
  29  3:23  Supply Depot  
  29  3:27  Hellion x2  
  33  3:37  Armory  
  33  3:40  SCV  
  34  3:48  Banshee  
  37  3:52  Cloaking Field  
  37  4:06  SCV x2  
  37  4:09  Hellion  
  42  4:10  Hellion  
  43  4:18  SCV x2  
  43  4:24  Supply Depot  
  45  4:25  Marine  
  45  4:30  SCV x2  
  48  4:32  Hellion  
  48  4:33  Hellion  
  52  4:49  Supply Depot  
  52  4:51  Engineering Bay  
  52  4:58  Marine  
  53  5:01  Hellion x2  
  53  5:02  Banshee  
  60  5:10  SCV  
  60  5:12  Supply Depot  
  61  5:15  Supply Depot  
  61  5:16  SCV, Marine  
  61  5:20  Missile Turret  
  63  5:24  Missile Turret  
  63  5:25  SCV  
  48  6:07  Hellion x2  
  48  6:09  Banshee  
  54  6:18  SCV x2  
  55  6:20  Command Center, Factory x2  
  55  6:22  Refinery  
  55  6:48  Widow Mine x2  
  55  6:54  Banshee  
  62  7:21  Marine  
  63  7:23  Factory Tech Lab x2  
  63  7:29  Supply Depot  
  63  7:30  Widow Mine x2  
  63  7:35  SCV x2  
  69  7:39  Marine  
  64  7:51  Siege Tank  
  64  7:52  Siege Tank  
  70  8:05  Starport Reactor  
  70  8:12  Orbital Command  
  70  8:14  SCV x2  
  72  8:23  Missile Turret  
  72  8:26  SCV, Siege Tank x2  
  79  8:28  Hellbat x2  
  79  8:29  SCV  
  79  8:31  Command Center  
  79  8:34  Liberator x2  
  84  8:37  Drilling Claws  
  84  8:38  SCV  
  85  8:42  Terran Vehicle And Ship Armor Level 1  
  85  8:44  SCV  
  85  8:46  Missile Turret  
  85  8:47  Missile Turret  
  85  8:48  SCV  
  87  8:53  Missile Turret  
  93  8:58  Refinery  
  93  8:59  SCV x2  
  93  9:01  SCV  
  93  9:02  Refinery  
  96  9:03  Siege Tank  
  96  9:05  Hellion x2  
  103  9:11  SCV x2  
  103  9:13  SCV  
  106  9:19  Siege Tank  
  106  9:22  Supply Depot  
  109  9:36  SCV x3  
  109  9:38  Liberator x2  
  112  9:57  Command Center  
  118  10:12  Siege Tank x2  
  118  10:13  Hellbat x2  
  128  10:15  SCV x2  
  128  10:16  Missile Turret  
  130  10:26  SCV  
  131  10:31  Orbital Command  
  131  10:32  Refinery x2  
  131  10:38  SCV x2, Medivac x2  
  131  10:42  Missile Turret  
  137  10:43  Supply Depot  
  137  10:44  Siege Tank x2, Marine  
  137  10:45  Combat Shields, Supply Depot  
  137  10:47  Widow Mine x2  
  148  10:51  Liberator  
  148  10:54  Liberator  
  148  11:04  SCV  
  148  11:06  Supply Depot x2  
  148  11:07  Supply Depot  
  148  11:09  Supply Depot  
  155  11:12  SCV  
  155  11:16  Siege Tank x2, Fusion Core  
  155  11:17  SCV  
  163  11:19  Orbital Command  
  163  11:29  SCV  
  164  11:39  Hellbat x2  
  168  11:41  SCV  
  169  11:53  SCV  
  164  12:03  Liberator x2  
  159  12:53  Liberator x2  
  159  12:56  Starport  
  159  12:57  Command Center  
  159  13:00  Command Center  
  159  13:01  Armory, Terran Vehicle And Ship Armor Level 2  
  159  13:02  Command Center  
  159  13:06  Armory, Behemoth Reactor  
  159  13:11  Siege Tank  
  159  13:12  Hellion, Siege Tank  
  172  13:13  Hellion  
  172  13:28  Factory x2  
  172  13:29  SCV  
  172  13:34  Hellion x2  
  174  13:37  Missile Turret  
  174  13:41  SCV  
  175  13:46  Command Center  
  175  13:53  SCV  
  176  14:03  Missile Turret x2  
  176  14:05  SCV  
  176  14:06  Command Center  
  176  14:09  Missile Turret  
  174  14:17  SCV  
  175  14:29  SCV  
  175  14:31  Missile Turret  
  176  14:33  Siege Tank x2  
  176  14:34  Widow Mine x2  
  176  14:37  Factory Tech Lab x2  
  186  14:38  Starport Tech Lab  
  186  14:40  Orbital Command x3  
  186  14:41  SCV  
  186  14:45  Liberator x2  
  178  14:53  SCV  
  170  15:05  Siege Tank  
  170  15:06  SCV  
  183  15:08  Weapon Refit  
  183  15:09  Battlecruiser  
  183  15:14  Starport x2  
  183  15:18  SCV  
  183  15:20  Advanced Ballistics  
  181  15:22  Terran Vehicle And Ship Armor Level 3  
  181  15:23  Terran Ship Weapons Level 1, Terran Vehicle Weapons Level 1  
  181  15:30  Missile Turret  
  181  15:31  Missile Turret  
  181  15:37  Planetary Fortress  
  181  15:39  Refinery  
  181  15:41  Missile Turret  
  181  15:42  Missile Turret  
  181  16:14  Battlecruiser  
  187  16:23  Starport Tech Lab x2  
  187  16:25  Thor x2  
  199  16:26  Thor  
  164  16:41  Marine  
  139  16:59  Marine  
  132  17:09  Planetary Fortress  
  132  17:11  Missile Turret x2  
  132  17:12  Missile Turret  
  132  17:16  Battlecruiser x2  
  132  17:17  Thor x2  
  132  17:18  Thor x2, Battlecruiser, Marauder  
  172  17:39  Marauder  
  166  17:54  Liberator x2  
  166  18:00  Marine  
  166  18:04  Thor x2  
  166  18:05  Thor x2  
  197  18:20  Raven  
  157  19:19  Orbital Command  
  154  19:48  Terran Vehicle Weapons Level 2  
  154  19:49  Terran Ship Weapons Level 2  
  101  20:21  Battlecruiser x3  
  119  20:22  Viking x2  
  119  20:24  Thor  
  97  21:39  Thor x3  
  111  21:51  Thor  
  84  22:43  Thor  
  90  22:44  Hellbat  
  90  22:45  Hellion x4  
  90  22:50  Refinery x2, Marine  
  90  23:06  Hellion x4  
  90  23:08  Marine  
  90  23:09  Terran Vehicle Weapons Level 3  
  91  23:16  SCV x7  
  98  23:26  Marine  
  99  23:51  Hellion x3  
  99  23:52  Hellion x3  
  111  24:06  Infernal Pre-Igniter  
  111  24:12  Hellion  
  111  24:13  Hellion x5  
  123  24:34  Hellion x6  
  129  24:55  Hellion  
  129  25:33  Command Center  
  129  25:42  Command Center  
  129  25:47  SCV x3  
  129  25:48  SCV x2  
  129  25:49  SCV  
  129  26:24  Raven  
  129  26:31  Refinery  
  129  26:34  Refinery  
  129  26:39  Refinery  
  129  26:41  Refinery  
  129  26:45  Refinery  
  129  27:00  Refinery  
  129  27:44  Orbital Command  
  129  27:47  Orbital Command  
  129  27:51  Thor x3  
  129  27:52  SCV  
  129  28:18  Command Center  
  129  28:37  Thor x3  
  129  28:39  Hellion  
  129  28:40  Hellion x2  
  129  28:49  Battlecruiser  
  129  29:01  Hellion  
  129  29:07  Terran Ship Weapons Level 3  
  129  30:03  Orbital Command  
  129  30:53  Battlecruiser x2  
  129  32:53  Command Center  
Tags
 
Add a new tag
Caveats
  • Supply blocks, unpowered buildings, or Contaminate may cause inaccurate times.
  • Supply counts are checked every 10 seconds.